 Dungeon Crawl Stone Soup version 0.16-a0-3940-gf8a207b (webtiles) character file.

89 Johnny the Ogre Mage (level 4, -1/44 HPs)
             Began as an Ogre Wizard on Feb 7, 2015.
             Slain by a gnoll (8 damage)
             ... on level 3 of the Dungeon.
             The game lasted 00:03:13 (3454 turns).

Johnny the Ogre Mage (Ogre Wizard)                  Turns: 3454, Time: 00:03:13

Health: -1/44      AC:  4    Str: 12    XL:     4   Next: 55%
Magic:  1/10       EV: 10    Int: 17    God:
Gold:   113        SH:  0    Dex:  9    Spells: 3 memorised, 5 levels left

rFire  . . .     SeeInvis .     r - +0 short sword
rCold  . . .     Clarity  .     a - +0 robe
rNeg   . . .     SustAb   .     (shield restricted)
rPois  .         Gourm    .     b - +1 hat
rElec  .         Spirit   .     (no cloak)
rCorr  .         Warding  .     (gloves unavailable)
rMut   .         Stasis   .     (boots unavailable)
MR     .....                    (no amulet)
Stlth  +.........               (no ring)
                                (no ring)

@: lethally poisoned (-1 -> -6), flying, very slightly contaminated, not
resistant to hostile enchantments, very unstealthy
A: unfitting armour, tough skin 1
a: no special abilities


You were on level 3 of the Dungeon.
You were not hungry.

You visited 1 branch of the dungeon, and saw 3 of its levels.

You collected 113 gold pieces.

Inventory:

Hand weapons
 f - a +0 dagger
 r - a +0 short sword (weapon)
Armour
 a - a +0 robe (worn)
 b - a +1 hat (worn)
Jewellery
 i - an uncursed ring of flight {unknown}
 j - an uncursed ring of positive energy {unknown}
Scrolls
 e - 7 scrolls of identify {unknown}
 g - a scroll of remove curse
 p - a scroll of recharging {unknown}
Potions
 q - a potion of flight
Books
 c - a book of Minor Magic

   Spells                             Type                      Level
   a - Magic Dart                     Conjuration                  1
   b - Blink                          Translocation                2
   c - Call Imp                       Summoning                    2
   d - Repel Missiles                 Charms/Air                   2
   e - Slow                           Hexes                        2
   f - Conjure Flame                  Conjuration/Fire             3
   g - Mephitic Cloud                 Conjuration/Poison/Air       3
Comestibles
 d - 2 meat rations
 l - a bread ration
 o - a slice of pizza


   Skills:
 * Level 2.7 Fighting
 + Level 1.4 Armour
 * Level 3.0 Dodging
 - Level 1.5 Stealth
 - Level 3.6 Spellcasting
 - Level 0.6 Conjurations
 - Level 0.6 Summonings
 - Level 0.6 Translocations


You had 5 spell levels left.
You knew the following spells:

 Your Spells              Type           Power        Failure   Level  Hunger
a - Magic Dart            Conj           #...         14%         1    None
b - Call Imp              Summ           #.......     21%         2    ##.....
c - Blink                 Tloc           N/A          21%         2    ##.....


Dungeon Overview and Level Annotations

Branches:
Dungeon (3/15)

Altars:
The Shining One

Annotations:
D:3 Johnny's ghost, average TrFi


Innate Abilities, Weirdness & Mutations

You are too large for most types of armour.
You have tough skin (AC +1).


Message History

The giant cockroach closely misses you. The gnoll hits you.
* * * LOW HITPOINT WARNING * * *
Your crimson imp barely misses the gnoll.
The hobgoblin hits you but does no damage.
Unknown command.
Read which item? (? for menu, Esc to quit)
As you read the scroll labeled THOGGI LOUNIF, it crumbles to dust.
It is a scroll of enchant armour.
Enchant which item? (? for menu, Esc to quit)
Your +0 hat glows green for a moment.
The giant cockroach misses you.
Your crimson imp closely misses the gnoll.
The gnoll closely misses you.
Unknown command.
Read which item? (? for menu, Esc to quit)
As you read the scroll labeled THRUIM MIKI, it crumbles to dust.
The creatures around you are filled with an inner flame!
It was a scroll of immolation.
You feel sick. The giant cockroach barely misses you.
The hobgoblin closely misses you. The gnoll hits you!
You die...

### ..... ......#.#
#### .......#..###..#
........##......##
...........%5.....###
..........###.ggo....#
..........##.{s@.....#
#.........#..##.5..###
.......<..<#.####..##
#........gg..# #..#
..........5S## ####
..>......)..#
....>.......#
............#
...........#


You could see a gnoll (inner flame), an orc (inner flame), a giant cockroach
(inner flame), a hobgoblin (inner flame) and 2 friendly crimson imps.

Vanquished Creatures
  2 giant geckos (D:2)
  An orc (D:2)
  8 giant cockroaches
  5 hobgoblins
  2 jackals (D:2)
  2 quokkas (D:2)
  A ball python (D:1)
  5 bats
  5 goblins
  8 kobolds
  6 rats
45 creatures vanquished.

Vanquished Creatures (collateral kills)
  3 adders
  2 gnolls (D:3)
  A worm (D:2)
  2 orcs
  A hobgoblin (D:2)
  A kobold (D:1)
  A bat (D:2)
  2 giant newts (D:2)
  A rat (D:3)
14 creatures vanquished.

Vanquished Creatures (others)
  3 white imps
3 creatures vanquished.

Grand Total: 62 creatures vanquished

Notes
Turn   | Place    | Note
--------------------------------------------------------------
     0 | D:1      | Johnny, the Ogre Wizard, began the quest for the Orb.
     0 | D:1      | Reached XP level 1. HP: 16/16 MP: 4/4
   279 | D:1      | Reached XP level 2. HP: 17/26 MP: 6/6
   383 | D:1      | Learned a level 2 spell: Call Imp
   386 | D:1      | Learned a level 2 spell: Blink
   577 | D:1      | Reached skill level 1 in Fighting
  1673 | D:2      | Reached XP level 3. HP: 22/33 MP: 2/8
  1994 | D:2      | Reached skill level 1 in Armour
  2432 | D:2      | Reached XP level 4. HP: 21/42 MP: 5/10
  2932 | D:2      | Found a glowing golden altar of the Shining One.
  3102 | D:3      | Noticed Johnny's ghost (average TrFi)
  3447 | D:3      | HP: 2/44 [poison (a potion of poison)]
  3454 | D:3      | Slain by a gnoll

Action                   |  1- 3 |  4- 6 || total
-------------------------+-------+-------++-------
Melee: Dagger            |   291 |    57 ||   348
       Unarmed           |     6 |       ||     6
       Short sword       |       |    10 ||    10
 Cast: Call Imp          |    10 |     8 ||    18
       Magic Dart        |     1 |       ||     1
  Use: Scroll            |       |     3 ||     3
       Potion            |       |     3 ||     3
  Eat: Chunk             |     5 |     4 ||     9
